 Dungeon Sprint DCSS version 0.27-a0-249-g74f53ef629 (webtiles) character file.

Game seed: 7581179512390736721

128 mhtbhm the Covered (level 4, -2/70 HPs)
             Began as a Minotaur Fighter on Feb 4, 2021.
             Was a Believer of Trog.
             Slain by a wight
             ... wielding a cursed +3 halberd of freezing
              (12 damage)
             ... in the Dungeon (Sprint VII: "The Pits").
             The game lasted 00:00:33 (305 turns).

mhtbhm the Covered (Minotaur Fighter)                Turns: 305, Time: 00:00:33

Health: -2/70      AC:  7    Str: 22    XL:     4   Next: 87%
Magic:  3/3        EV:  8    Int:  5    God:    Trog [**....]
Gold:   0          SH: 10    Dex:  9    Spells: 3/3 levels left

rFire    . . .     SeeInvis .   a - +2 hand axe
rCold    . . .     Faith    .   c - +0 kite shield
rNeg     . . .     Spirit   .   b - +0 scale mail
rPois    .         Reflect  .   (helmet restricted)
rElec    .         Harm     .   (no cloak)
rCorr    .         Rampage  .   (no gloves)
Will     .....     NoTele   +   (no boots)
Stlth    ..........             (no amulet)
HPRegen  0.21/turn              (no ring)
MPRegen  0.08/turn              (no ring)

@: berserking, very quick
A: retaliatory headbutt, horns 2
a: Renounce Religion, Berserk, Trog's Hand


You were in the Dungeon.
You worshipped Trog.
Trog was pleased with you.
You visited 1 branch

Inventory:

Hand Weapons
 a - a +2 hand axe (weapon)
Armour
 b - a +0 scale mail (worn)
 c - a +0 kite shield (worn)
Scrolls
 j - a scroll of blinking
 l - 3 scrolls of remove curse
 m - a scroll of summoning
Potions
 d - a potion of might
 e - a potion of curing
 f - a potion of heal wounds
 g - a potion of haste
 h - 4 potions of magic
 i - 3 potions of berserk rage
 k - 2 potions of invisibility


   Skills:
 + Level 7.0 Fighting
 + Level 5.8 Axes
 + Level 7.3 Armour
 + Level 0.3 Dodging
 + Level 6.6 Shields


You had 3 spell levels left.
You didn't know any spells.
Your spell library was empty.

Dungeon Overview and Level Annotations

Branches:
Dungeon (1/1)

Altars:
Cheibriados
Dithmenos
Elyvilon
Fedhas
Gozag
Hepliaklqana
Makhleb
Nemelex Xobeh
Okawaru
Qazlal
Ru
Sif Muna
Trog
Vehumet
Wu Jian
Xom
Yredelemnul
Zin
The Shining One
Beogh
Jiyva
Lugonu


Innate Abilities, Weirdness & Mutations

You reflexively headbutt those who attack you in melee.
You have a pair of horns on your head.


Message History

Trog accepts your kill.
You barely miss the wight. You block the wight's attack.
Your life force feels restored.
Your Fighting skill gained 2 levels and is now at level 7!
Your Axes skill gained 2 levels and is now at level 5!
Your Armour skill gained 2 levels and is now at level 7!
Your Shields skill increases to level 6!
You have reached level 3!
Your experience leads to an increase in your attributes!
Increase (S)trength, (I)ntelligence, or (D)exterity?
You feel stronger.
You have reached level 4!
You feel stronger.
Unknown command.
You barely miss the jackal skeleton. You headbutt the jackal skeleton.
You destroy the jackal skeleton!
Trog accepts your kill.
You barely miss the wight. You block the wight's attack.
The wight hits you from afar with a cursed +3 halberd of freezing!
You die...

#..........)'........
#+#####)#####......#.
#..#..# #........
#..'..# ####'####
#..#### #.......#
#..# # #.......# #..#
.# #.......#
##'#..#+###...<...#
#.@......##.......#
#..zz....##.......#
###########.......#
#########


You could see 2 wights.

Vanquished Creatures
  A floating eye (D)
  A gnoll (D)
  An adder (D)
  A leopard gecko (D)
  An orc (D)
  2 jackals (D)
  A quokka (D)
  A jackal skeleton (D)
9 creatures vanquished.

Notes
Turn   | Place    | Note
-------+----------+-------------------------------------------
     0 | D        | mhtbhm the Minotaur Fighter began the quest for the Orb.
     0 | D        | Reached XP level 1. HP: 19/19 MP: 0/0
    13 | D        | Reached XP level 2. HP: 27/28 MP: 1/1
    17 | D        | Found a bloodstained altar of Trog.
    17 | D        | Found a shimmering blue altar of Sif Muna.
    17 | D        | Found a viscous altar of Jiyva.
    17 | D        | Found a hazy altar of Hepliaklqana.
    17 | D        | Found an opulent altar of Gozag.
    18 | D        | Found a glowing golden altar of the Shining One.
    18 | D        | Found a glowing silver altar of Zin.
    18 | D        | Found a basalt altar of Yredelemnul.
    18 | D        | Found a shimmering altar of Xom.
    18 | D        | Found an ornate altar of the Wu Jian Council.
    18 | D        | Found a sacrificial altar of Ru.
    18 | D        | Found a stormy altar of Qazlal.
    18 | D        | Found an iron altar of Okawaru.
    18 | D        | Found a sparkling altar of Nemelex Xobeh.
    18 | D        | Found a burning altar of Makhleb.
    18 | D        | Found a blossoming altar of Fedhas.
    18 | D        | Found a white marble altar of Elyvilon.
    18 | D        | Found a shadowy altar of Dithmenos.
    18 | D        | Found a snail-covered altar of Cheibriados.
    21 | D        | Found a corrupted altar of Lugonu.
    21 | D        | Found a radiant altar of Vehumet.
    21 | D        | Found a roughly hewn altar of Beogh.
    22 | D        | Became a worshipper of Trog the Wrathful
    61 | D        | Reached * piety under Trog
    71 | D        | Reached skill level 5 in Fighting
    71 | D        | Reached skill level 5 in Armour
    71 | D        | Reached skill level 5 in Shields
    71 | D        | Reached ** piety under Trog
   297 | D        | Noticed a wight
   297 | D        | Noticed a floating eye
   298 | D        | Noticed a wight
   300 | D        | Paralysed by a floating eye for 3 turns
   304 | D        | Killed a floating eye
   305 | D        | Reached skill level 5 in Axes
   305 | D        | Reached XP level 3. HP: 8/39 MP: 2/2
   305 | D        | Reached XP level 4. HP: 10/47 MP: 3/3
   305 | D        | Slain by a wight

Illustrated notes

Levels and vault maps discovered:
D:        pitsprint [storerooms_1, entrance_room_1, metal_vault_5, armoury_2,
          mini_pit_1, grid_room_1, main_hall_1, silver_pit, the_coven_2,
          the_vestibule_1, steel_vault_5, golden_pit, hallway_of_sentries,
          crystal_vault_5, iron_vault_1, final_vault]

Skill      XL: |  1  2 |
---------------+-------+-----
Fighting       | 4 7 |  7.0
Armour         | 4 7 |  7.3
Shields        | 4 6 |  6.6
Axes           | 5 |  5.8
Dodging        | |  0.3

Action                   |  1- 3 |  4- 6 || total
-------------------------+-------+-------++-------
Melee: War axe           |     3 |       ||     3
       Headbutt          |     3 |     1 ||     4
       Hand axe          |    11 |     1 ||    12
Invok: Berserk           |     1 |       ||     1
Dodge: Dodged            |     8 |       ||     8
Block: Kite shield       |     3 |     1 ||     4

Table legend: (Time is in decaauts)
 A = Elapsed time spent in this place.
 B = Non-inter-level travel time spent in this place.
 C = Inter-level travel time spent in this place.
 D = Time resting spent in this place.
 E = Time spent auto-exploring this place.
 F = Levels seen in this place.
 G = Mean time per level.
                   A        B        C        D        E       F      G
               +--------+--------+--------+--------+--------+-----+--------+
         Total |    309 |    309 |      0 |    219 |      0 |   1 |  309.0 |
       Dungeon |    309 |    309 |      0 |    219 |      0 |   1 |  309.0 |
               +--------+--------+--------+--------+--------+-----+--------+

Top non-repeatable levels by time:
       D: 309 daAuts
